 Dungeon Crawl Stone Soup version 0.31.0-32-g396128a36d (webtiles) character file.

Game seed: 12120428188304700001

207 Peloso the Slasher (level 5, 0/46 HPs)
             Began as a Minotaur Fighter on Apr 5, 2024.
             Was an Initiate of Okawaru.
             Slain by a kobold brigand
             ... wielding a +0 whip
              (6 damage)
             ... in a sewer.
             The game lasted 00:06:47 (2531 turns).

Peloso the Slasher (Minotaur Fighter)               Turns: 2531, Time: 00:06:48

Health: 0/46       AC:  7    Str: 21    XL:     5   Next: 54%
Magic:  4/4        EV:  9    Int:  5    God:    Okawaru [......]
Gold:   138        SH:  4    Dex: 11    Spells: 4/4 levels left

rFire   . . .        a - +1 long sword
rCold   . . .        d - +0 buckler
rNeg    . . .        f - +0 scale mail
rPois   .            (helmet restricted)
rElec   .            (no cloak)
rCorr   .            (no gloves)
SInv    +            (no boots)
Will    .....        (no amulet) Stlth
                     l - ring of see invisible
HPRegen 0.27/turn    (no ring)
MPRegen 0.09/turn

%: no passive effects
@: no status effects
A: horns 2, retaliatory headbutt
a: Renounce Religion


You were in a sewer.
You worshipped Okawaru.
Okawaru was noncommittal.
You visited 2 branches of the dungeon, and saw 6 of its levels.
You also visited: Sewer.

You collected 138 gold pieces.

Inventory:

Hand Weapons
 a - a +1 long sword (weapon)
 b - a +0 whip of flaming
Armour
 d - a +0 buckler (worn)
 f - a +0 scale mail (worn)
Jewellery
 l - a ring of see invisible (left hand)
Talismans
 c - a flux talisman
 e - a serpent talisman
Scrolls
 i - 2 scrolls of fog
Potions
 g - a potion of might
 m - a potion of cancellation {unknown}


   Skills:
 + Level 4.3 Fighting
 + Level 5.3 Long Blades
 + Level 4.6 Armour
 + Level 0.8 Dodging
 + Level 0.1 Stealth
 + Level 4.2 Shields


You had 4 spell levels left.
You didn't know any spells.
Your spell library contained the following spells:

 Spells                   Type           Power      Damage    Failure   Level
 Kiss of Death            Conj/Necr      0%         2d5       86%         1
 Confusing Touch          Hex            0%         N/A       99%         3
 Dispel Undead            Necr           0%         3d6       100%        4


Dungeon Overview and Level Annotations

Branches:
Dungeon (6/15)             Temple (1/1) D:6           Sewer (1/1)

Altars:
Dithmenos
Elyvilon
Gozag
Kikubaaqudgha
Makhleb
Okawaru
Qazlal
Sif Muna
Trog
Xom
Yredelemnul

Shops:
D:1 [   D:5 [


Innate Abilities, Weirdness & Mutations

You have a pair of horns on your head.
You reflexively headbutt those who attack you in melee.


Message History

The poisoned dart closely misses you.
You feel sick.
You are no longer poisoned.
Things that are here:
a +0 dagger; 6 poisoned darts
Okay, then.
The kobold brigand throws a poisoned dart.
The poisoned dart hits you!
You are poisoned.
You feel sick.
You see here a rat skeleton.
You feel sick.
You see here a river rat skeleton.
You feel sick.
You see here a kobold corpse.
You feel sick.
You feel sick.
You see here a jackal corpse.
You feel sick.
There is an empty arch of ancient stone here.
You feel sick.
You are no longer poisoned.
There is a gate leading back out of this place here.
You feel better.
There is an empty arch of ancient stone here.
You see here a jackal corpse.
The kobold brigand hits you with a +0 whip!
* * * LOW HITPOINT WARNING * * *
You see here a kobold corpse.
You hit the kobold brigand.
The kobold brigand is moderately wounded.
You block the kobold brigand's attack.
You slash the kobold brigand!
The kobold brigand is heavily wounded.
The kobold brigand hits you with a +0 whip.
* * * LOW HITPOINT WARNING * * *
You slash the kobold brigand!
The kobold brigand is almost dead.
The kobold brigand hits you with a +0 whip.
You die...

#######.#######
#######.#######
#######.#######
#######.#######
#######∩#######
#######∩#######
#######†#######
#######.#######
#######@#######
#######K#######
#######÷#######
#######.#######
#######~#######
#######~#######
#######~#######
#######~#######
#)#


You could see a kobold brigand.

Vanquished Creatures
  A hound (D:5)
  2 iguanas (D:6)
  3 adders
  2 river rats
  A shadow imp (D:5)
  2 ribbon worms (D:5)
  6 orcs
  8 bats
  5 endoplasms
  2 giant cockroaches (D:5)
  5 goblins
  2 hobgoblins
  2 jackals (Sewer)
  5 quokkas
  8 ball pythons
  2 frilled lizards (D:1)
  4 kobolds
  8 rats
68 creatures vanquished.

Notes
Turn   | Place    | Note
-------+----------+-------------------------------------------
     0 | D:1      | Peloso the Minotaur Fighter began the quest for the Orb.
     0 | D:1      | Reached XP level 1. HP: 19/19 MP: 0/0
    82 | D:1      | Found Vyagogg's Antique Armour Boutique.
   140 | D:1      | Reached XP level 2. HP: 27/27 MP: 1/1
   689 | D:1      | Reached skill level 3 in Long Blades
   689 | D:1      | Reached XP level 3. HP: 33/33 MP: 2/2
  1877 | D:3      | You fall into a shaft and drop 3 floors!
  1877 | D:6      | Found a staircase to the Ecumenical Temple.
  1883 | Temple   | Entered the Ecumenical Temple
  1888 | Temple   | Became a worshipper of Warmaster Okawaru
  1902 | Temple   | Reached XP level 4. HP: 39/40 MP: 3/3
  1956 | D:6      | Reached skill level 4 in Long Blades
  2130 | D:5      | Entered Level 5 of the Dungeon
  2176 | D:5      | Found Faull's Antique Armour Emporium.
  2191 | D:5      | Reached XP level 5. HP: 46/46 MP: 4/4
  2259 | D:5      | Found a glowing drain.
  2271 | D:5      | Reached skill level 5 in Long Blades
  2292 | Sewer    | Entered a sewer
  2531 | Sewer    | Slain by a kobold brigand

Illustrated notes

Levels and vault maps discovered:
D:1:      dpeg_arrival_subterranean_lakeside_camping, layout_basic,
          serial_curves, eino_curves_02, eino_curves_03, serial_shops, shop,
          minmay_ruptured
D:2:      layout_basic
D:3:      layout_basic, mainiacjoe_overflow_alcove_3, small_statue_alley_b
D:5:      cheibrodos_quashed, layout_loops_cross, serial_shops, shop,
          portal_sewer_entry_b, feat_on_display, uniq_menkaure
D:6:      layout_gridville, minmay_temple_entry_large_hall, serial_shops, shop,
          uniq_blork_the_orc, uniq_sigmund, uniq_crazy_yiuf_cottage, uniq_pikel
Temple:   minmay_freezing_vapour_temple
Sewer:    sewer_kobolds

Skill      XL: |  1  2  3  4  5 |
---------------+----------------+-----
Shields        | 4 |  4.2
Armour         | 4 |  4.6
Long Blades    | 3 4 5 |  5.3
Fighting       | 4 |  4.3
Dodging        | |  0.8
Stealth        | |  0.1

Action                     |  1- 3 |  4- 6 || total
---------------------------+-------+-------++-------
  Melee: Long sword        |    76 |    64 ||   140
         Headbutt          |     9 |    18 ||    27
    Use: Scroll            |     5 |     2 ||     7
         Potion            |       |     2 ||     2
 Armour: Scale mail        |    65 |    47 ||   112
  Dodge: Dodged            |    52 |    50 ||   102
  Block: Buckler           |    31 |    23 ||    54
         Form:             |     1 |       ||     1
         Flux              |     1 |       ||     1
